Map: Nightscape LE

Players

oggzzz - Winner!

  • Race: Protoss Protoss

Tjolof - Winner!

  • Race: Terran Terran
  • League: Platinum

qqq

  • Race: Zerg Zerg

Massa

  • Race: Terran Terran
  • League: Platinum

VOD

Have the link to the VOD?

Description

Time

  • Played on: April 28, 2021, 3:39 p.m.
  • Length: 17:53
Show
View Real Time Build Order
Export as new Build Order

oggzzz Protoss - Winner!

Build Orders: Phoenix Opening, Carriers, Mass Phoenix 

Get SALT Encoding   

  12  0:00  Probe  
  13  0:12  Probe  
  14  0:19  Pylon  
  14  0:24  Probe  
  15  0:37  Probe (Chrono Boost)  
  15  0:38  Gateway  
  16  0:47  Assimilator  
  16  0:48  Probe (Chrono Boost)  
  17  1:00  Forge  
  17  1:04  Probe  
  18  1:22  Probe  
  19  1:26  Cybernetics Core  
  19  1:47  Nexus  
  19  1:52  Probe  
  20  2:04  Pylon  
  20  2:09  Assimilator  
  20  2:14  Probe  
  21  2:24  Stargate  
  21  2:26  Probe (Chrono Boost)  
  23  2:38  Probe (Chrono Boost)  
  23  2:43  Pylon  
  23  2:44  Probe (Chrono Boost)  
  24  2:52  Probe  
  24  2:55  Stargate  
  25  3:12  Probe (Chrono Boost)  
  26  3:16  Probe (Chrono Boost)  
  26  3:23  Probe (Chrono Boost), Phoenix (Chrono Boost)  
  30  3:27  Probe (Chrono Boost)  
  30  3:28  Probe (Chrono Boost)  
  31  3:36  Probe  
  31  3:38  Probe, Photon Cannon  
  33  3:46  Photon Cannon  
  33  3:48  Probe  
  34  3:50  Probe  
  34  3:52  Shield Battery  
  35  4:00  Probe  
  35  4:02  Probe, Phoenix (Chrono Boost)  
  41  4:12  Probe  
  41  4:13  Phoenix (Chrono Boost)  
  42  4:18  Phoenix (Chrono Boost)  
  42  4:22  Probe  
  45  4:25  Probe  
  46  4:34  Phoenix (Chrono Boost)  
  48  4:38  Pylon  
  48  4:43  Probe  
  48  4:44  Probe, Phoenix (Chrono Boost)  
  52  4:48  Assimilator  
  52  4:55  Probe  
  52  4:56  Phoenix (Chrono Boost)  
  55  5:02  Phoenix (Chrono Boost)  
  57  5:09  Pylon  
  57  5:13  Photon Cannon  
  57  5:15  Phoenix (Chrono Boost)  
  59  5:27  Photon Cannon  
  59  5:28  Phoenix (Chrono Boost)  
  59  5:31  Phoenix (Chrono Boost)  
  59  5:33  Assimilator  
  59  5:35  Pylon  
  63  5:40  Pylon  
  63  5:49  Phoenix  
  63  6:22  Phoenix x2  
  67  6:42  Probe x2  
  69  6:47  Phoenix x2  
  69  6:53  Pylon  
  73  6:54  Probe x2, Pylon  
  75  7:06  Void Ray  
  75  7:12  Phoenix  
  79  7:37  Void Ray  
  79  7:43  Void Ray  
  83  8:10  Pylon, Nexus  
  83  8:12  Probe x2  
  85  8:13  Pylon, Protoss Air Weapons Level 1  
  85  8:14  Void Ray (Chrono Boost), Pylon  
  85  8:18  Assimilator  
  85  8:20  Void Ray (Chrono Boost), Stargate  
  85  8:22  Stargate  
  85  8:23  Assimilator  
  85  8:24  Probe x2  
  95  8:36  Probe  
  90  8:48  Void Ray (Chrono Boost)  
  90  8:54  Void Ray (Chrono Boost)  
  90  8:59  Fleet Beacon  
  98  9:06  Void Ray x2 (Chrono Boost)  
  106  9:15  Photon Cannon  
  106  9:18  Photon Cannon, Void Ray  
  106  9:20  Photon Cannon  
  106  9:21  Shield Battery  
  106  9:24  Void Ray, Shield Battery  
  114  9:39  Flux Vanes  
  114  9:40  Void Ray x2 (Chrono Boost)  
  114  9:46  Probe x3  
  114  9:48  Pylon  
  114  9:49  Pylon  
  125  9:58  Probe x2  
  125  9:59  Probe  
  128  10:00  Cybernetics Core  
  128  10:02  Void Ray (Chrono Boost)  
  132  10:09  Stargate  
  132  10:10  Probe x2, Void Ray (Chrono Boost)  
  132  10:11  Probe  
  135  10:14  Void Ray x2 (Chrono Boost)  
  139  10:22  Probe  
  139  10:23  Probe x2  
  150  10:29  Protoss Shields Level 1  
  150  10:31  Protoss Air Weapons Level 2 (Chrono Boost)  
  150  10:50  Pylon, Nexus  
  150  10:52  Pylon  
  150  10:53  Pylon  
  150  11:10  Carrier x2  
  162  11:31  Carrier  
  162  11:32  Carrier  
  165  12:09  Probe x3  
  165  12:12  Protoss Air Armor Level 1 (Chrono Boost)  
  165  12:14  Carrier  
  174  12:16  Photon Cannon  
  174  12:17  Photon Cannon  
  174  12:19  Photon Cannon  
  174  12:21  Probe x2  
  174  12:22  Photon Cannon  
  176  12:26  Assimilator  
  176  12:31  Assimilator  
  154  12:58  Carrier x3  
  172  13:10  Photon Cannon  
  172  13:12  Photon Cannon  
  172  13:13  Shield Battery  
  128  13:51  Carrier  
  134  14:02  Carrier (Chrono Boost)  
  152  14:03  Carrier (Chrono Boost)  
  152  14:08  Carrier (Chrono Boost)  
  151  14:28  Probe x4  
  149  14:40  Probe x4  
  145  14:52  Probe, Carrier (Chrono Boost)  
  154  15:08  Carrier (Chrono Boost)  
  154  15:12  Protoss Air Weapons Level 3 (Chrono Boost)  
  154  16:23  Carrier x3  
Show
View Real Time Build Order
Export as new Build Order

Tjolof Terran - Winner!

Build Orders: 2 Factory, Reaper Expand, Mech 

Get SALT Encoding   

  12  0:00  SCV  
  13  0:12  SCV  
  14  0:17  Supply Depot  
  14  0:26  SCV  
  15  0:39  SCV  
  15  0:40  Barracks  
  16  0:44  Refinery  
  16  0:51  SCV  
  18  1:04  SCV  
  18  1:16  SCV  
  19  1:28  Reaper  
  20  1:33  Orbital Command  
  20  1:46  Command Center  
  20  2:04  SCV  
  20  2:07  Refinery  
  21  2:08  Supply Depot  
  21  2:13  Factory  
  21  2:16  SCV  
  22  2:28  SCV  
  23  2:40  SCV  
  24  2:44  Barracks Reactor  
  24  2:51  Engineering Bay  
  24  2:55  Supply Depot  
  24  2:58  Factory  
  24  3:02  Factory Tech Lab  
  24  3:03  Orbital Command  
  24  3:10  SCV  
  25  3:32  Orbital Command  
  25  3:41  SCV  
  26  3:48  Refinery  
  26  3:50  Hellion, Infernal Pre-Igniter  
  26  3:52  Factory  
  26  3:55  Barracks Reactor  
  28  3:59  Hellion x2  
  28  4:00  SCV x2  
  34  4:08  Refinery  
  34  4:12  SCV x2  
  34  4:16  Hellion  
  38  4:22  Hellion  
  38  4:23  Hellion, Supply Depot  
  42  4:24  SCV x2  
  44  4:36  SCV x2  
  48  4:38  Hellion  
  48  4:42  Hellion x2  
  52  4:48  Armory  
  52  4:49  SCV x2  
  54  4:54  Hellion  
  54  4:57  Hellion  
  58  5:01  SCV x2  
  58  5:05  Hellion  
  62  5:15  Supply Depot  
  62  5:20  SCV x2, Hellion x2  
  68  5:29  Supply Depot  
  68  5:32  SCV  
  68  5:33  SCV  
  70  5:37  Hellion x2  
  51  6:14  SCV x2  
  51  6:15  Hellion x2  
  51  6:16  Hellion x3  
  63  6:20  Factory  
  63  6:21  Factory, Supply Depot  
  63  6:39  Hellion x2  
  73  6:40  Hellion x3  
  73  7:01  Hellion x3  
  77  7:04  Hellion x2  
  67  7:35  Hellion x5  
  67  7:36  Factory Reactor x2  
  73  7:53  Factory, Command Center, Supply Depot  
  73  7:54  Armory, Factory  
  73  7:56  Hellion, Terran Vehicle Weapons Level 1, Siege Tank  
  73  7:57  Hellion x3  
  84  8:05  SCV x2  
  84  8:47  Widow Mine x3  
  84  8:48  Widow Mine  
  64  8:56  SCV x2  
  64  8:59  Factory Tech Lab x2  
  64  9:00  Siege Tank  
  69  9:06  Hellion x2  
  69  9:07  Hellion x2  
  77  9:19  Factory  
  77  9:22  Factory  
  77  9:36  Supply Depot  
  77  9:37  Planetary Fortress  
  77  9:44  Missile Turret  
  80  9:45  Siege Tank x2  
  80  9:46  Siege Tank  
  80  9:47  Hellbat x5  
  80  9:48  Hellbat x3  
  80  9:49  SCV  
  80  9:50  SCV  
  104  9:53  Refinery  
  104  9:55  Refinery  
  104  9:59  Terran Vehicle Weapons Level 2  
  104  10:00  Terran Vehicle And Ship Armor Level 1  
  104  10:02  SCV x2  
  104  10:03  Hellion x8  
  106  10:14  SCV x2  
  108  10:16  SCV  
  109  10:26  SCV x2  
  111  10:28  SCV  
  112  10:38  SCV x2, Command Center  
  112  10:39  Missile Turret x2  
  112  10:40  SCV  
  115  10:45  Siege Tank  
  115  10:46  Factory Tech Lab x2, Siege Tank  
  115  10:48  Siege Tank  
  124  10:56  Supply Depot x2  
  124  10:59  SCV  
  125  11:07  SCV x2  
  125  11:08  Hellbat x2, Supply Depot x2  
  125  11:09  Supply Depot  
  125  11:10  Hellbat  
  119  11:29  Hellbat  
  119  11:30  Widow Mine x2, Hellbat  
  119  11:31  Widow Mine x3, Siege Tank  
  119  11:32  Siege Tank x2  
  142  11:33  Siege Tank  
  142  11:35  Siege Tank  
  148  11:43  SCV x3  
  151  11:57  Supply Depot  
  151  12:03  Thor  
  155  12:12  Command Center  
  155  12:14  Refinery x2  
  155  12:16  Siege Tank  
  155  12:17  Thor x2  
  167  12:48  Refinery  
  163  13:11  Thor x3, Siege Tank x2  
  182  13:24  Orbital Command  
  122  14:45  Siege Tank  
  122  14:47  Factory Tech Lab  
  122  14:50  Factory x2  
  125  15:01  Factory Tech Lab  
  125  15:12  Factory Tech Lab  
  125  15:16  Factory Tech Lab  
  125  15:17  Thor  
  131  15:24  Command Center  
  131  15:25  Refinery  
  85  16:02  Thor, Siege Tank x3  
  85  16:03  Siege Tank  
  100  16:20  SCV x3  
  99  16:32  SCV x2  
  101  16:44  SCV  
  100  17:12  Siege Tank x2  
  100  17:13  Siege Tank x2  
Show
View Real Time Build Order
Export as new Build Order

qqq Zerg 

Build Orders: Hatch First 

Get SALT Encoding   

  12  0:00  Drone  
  13  0:08  Drone  
  14  0:21  Overlord  
  14  0:46  Hatchery  
  13  0:52  Drone x2  
  13  0:55  Drone  
  16  1:13  Drone  
  17  1:26  Spawning Pool  
  17  1:27  Extractor  
  17  1:32  Drone x2  
  17  1:38  Drone  
  18  1:46  Drone  
  19  2:01  Drone x2  
  21  2:09  Drone  
  21  2:11  Drone  
  23  2:16  Queen  
  23  2:18  Overlord  
  27  2:31  Drone  
  27  2:35  Lair  
  27  2:36  Drone  
  27  2:37  Overlord  
  27  2:39  Drone  
  28  2:45  Drone, Evolution Chamber  
  28  2:50  Drone  
  29  2:52  Queen  
  29  2:56  Drone  
  32  3:06  Zergling x4  
  34  3:14  Drone  
  34  3:15  Drone  
  34  3:19  Zerg Melee Weapons Level 1  
  36  3:31  Drone x3, Hatchery, Extractor  
  38  3:34  Drone  
  38  3:46  Drone x3  
  38  3:47  Queen  
  43  3:59  Overlord  
  43  4:00  Overlord, Infestation Pit  
  42  4:15  Drone  
  42  4:16  Drone  
  44  4:22  Drone x2  
  46  4:29  Drone x2  
  50  4:33  Drone  
  51  4:41  Hatchery  
  50  4:50  Extractor  
  50  4:52  Queen, Hive  
  47  4:53  Queen  
  47  4:54  Drone  
  47  4:55  Drone x2  
  47  4:56  Overlord  
  47  4:57  Drone  
  55  5:02  Spore Crawler  
  55  5:04  Spore Crawler  
  53  5:09  Evolution Chamber  
  53  5:13  Drone x2, Zerg Ground Armor Level 1  
  54  5:14  Drone  
  54  5:15  Drone  
  54  5:19  Drone  
  54  5:20  Extractor, Drone  
  57  5:24  Metabolic Boost  
  57  5:26  Drone  
  58  5:31  Queen  
  58  5:51  Queen  
  58  5:53  Zergling x4  
  58  5:55  Zergling x2  
  56  6:07  Queen  
  54  6:16  Drone, Ultralisk Cavern  
  54  6:17  Drone x5  
  59  6:24  Queen x2  
  59  6:25  Drone x3  
  64  6:26  Drone  
  64  6:27  Queen  
  68  6:34  Drone x2  
  68  6:38  Spore Crawler  
  68  6:42  Spine Crawler  
  68  6:43  Queen  
  69  6:52  Drone, Spine Crawler  
  69  6:53  Drone x3  
  72  6:55  Drone, Spine Crawler  
  72  6:58  Spine Crawler  
  68  7:01  Spine Crawler  
  68  7:03  Spine Crawler  
  68  7:04  Spine Crawler  
  63  7:22  Ultralisk  
  69  7:23  Overlord x3  
  69  7:24  Overlord  
  64  7:31  Spore Crawler  
  64  7:32  Spore Crawler  
  61  7:38  Spore Crawler  
  61  7:41  Spore Crawler  
  59  7:44  Viper  
  59  7:45  Viper  
  59  7:50  Ultralisk  
  71  7:53  Drone x2  
  71  7:54  Drone  
  74  8:02  Spore Crawler, Overlord  
  73  8:06  Spore Crawler  
  73  8:10  Drone x3  
  73  8:12  Drone  
  75  8:32  Anabolic Synthesis  
  75  8:35  Zerg Melee Weapons Level 2  
  75  8:40  Ultralisk  
  79  8:55  Drone, Ultralisk x2  
  92  9:08  Overlord  
  92  9:09  Drone x4  
  96  9:10  Hydralisk Den  
  96  9:15  Chitinous Plating  
  95  9:23  Drone  
  97  9:24  Drone x2  
  97  9:25  Drone x3  
  97  9:28  Viper x2  
  107  9:35  Spore Crawler  
  107  9:37  Spore Crawler  
  105  9:39  Drone x2  
  105  9:40  Drone x4  
  105  9:42  Spore Crawler  
  105  9:43  Spore Crawler  
  109  9:52  Hydralisk x3  
  111  9:55  Zerg Missile Weapons Level 1  
  111  9:58  Drone x3  
  111  9:59  Drone  
  119  10:02  Muscular Augments  
  119  10:13  Overlord  
  119  10:14  Overlord x4  
  119  10:16  Drone  
  120  10:29  Overlord  
  120  10:30  Overlord x4  
  120  10:39  Extractor  
  120  10:42  Extractor x2  
  117  10:43  Drone x5, Extractor  
  117  10:44  Drone  
  117  10:45  Queen  
  124  10:50  Zerg Ground Armor Level 2  
  124  11:03  Ultralisk x2  
  135  11:04  Zergling x6  
  135  11:05  Zergling x4  
  140  11:13  Grooved Spines  
  140  11:27  Hydralisk x3  
  140  11:28  Hydralisk x3  
  140  11:30  Overlord x3  
  140  11:31  Drone  
  153  11:48  Hydralisk  
  153  11:49  Hydralisk x5  
  162  11:56  Drone x3  
  165  12:05  Hydralisk x2  
  165  12:06  Hydralisk x3  
  175  12:17  Hydralisk x2  
  175  12:18  Hydralisk x2  
  183  12:23  Zerg Missile Weapons Level 2  
  157  12:58  Hydralisk x2  
  157  12:59  Hydralisk x2, Ultralisk x3  
  157  13:00  Zergling x6  
  157  13:01  Zergling x4  
  188  13:23  Hydralisk x3  
  188  13:24  Hydralisk x5  
  158  13:35  Ultralisk  
  156  13:41  Viper  
  156  13:43  Drone  
  156  13:44  Drone  
  149  13:49  Drone x4  
  147  14:00  Hatchery  
  147  14:01  Hatchery  
  138  14:18  Ultralisk x4  
  138  14:20  Drone x2  
  143  14:44  Hydralisk x2  
  143  14:45  Hydralisk x8  
  137  14:47  Drone  
  137  14:49  Drone  
  151  15:03  Drone x4  
  155  15:13  Hydralisk x2  
  157  15:15  Ultralisk x2  
  124  15:43  Hydralisk x5  
  124  15:44  Hydralisk x7  
  124  15:45  Hydralisk x2  
  118  15:58  Ultralisk x2  
  118  15:59  Zergling x2  
  118  16:01  Drone  
  128  16:10  Pneumatized Carapace  
  121  16:17  Hydralisk  
  121  16:18  Hydralisk x3  
  109  16:19  Zergling x2  
  109  16:20  Zergling x2  
  100  16:30  Hydralisk x3  
  69  16:51  Hydralisk x2  
  53  17:07  Hydralisk x2  
  54  17:13  Hydralisk  
  45  17:17  Drone  
Show
View Real Time Build Order
Export as new Build Order

Massa Terran 

Build Orders: Reaper Expand 

Get SALT Encoding   

  12  0:00  SCV  
  13  0:12  SCV  
  14  0:18  Supply Depot  
  14  0:24  SCV  
  15  0:40  SCV  
  15  0:41  Barracks  
  16  0:45  Refinery  
  16  0:52  SCV  
  17  1:04  SCV  
  18  1:16  SCV  
  19  1:28  Orbital Command  
  19  1:30  Reaper  
  20  1:47  Command Center  
  20  1:54  SCV  
  21  1:56  Supply Depot  
  21  2:02  Marine  
  21  2:08  Factory  
  22  2:14  SCV  
  23  2:22  Barracks Reactor  
  23  2:30  SCV  
  24  2:52  Hellion  
  24  2:55  Command Center  
  26  3:33  Marine  
  26  3:34  Marine  
  27  3:35  Hellion  
  27  3:38  Orbital Command  
  27  3:40  SCV  
  30  3:47  Starport  
  30  3:49  Supply Depot  
  30  3:51  Marine x2  
  30  3:52  SCV  
  33  3:56  Hellion  
  35  4:06  SCV x2  
  35  4:08  SCV  
  35  4:09  Marine x2  
  40  4:18  SCV x2  
  40  4:23  Starport Tech Lab  
  42  4:25  Refinery  
  42  4:35  Engineering Bay  
  42  4:36  SCV x3  
  42  4:37  Refinery  
  45  4:39  Hellion x2  
  49  4:48  SCV x3  
  49  4:49  Raven  
  49  4:52  Barracks Tech Lab  
  54  4:56  Barracks  
  54  4:59  Barracks  
  54  5:00  SCV x3  
  54  5:01  Hellion x2  
  61  5:12  SCV  
  61  5:13  Stimpack  
  62  5:20  Refinery  
  62  5:28  Widow Mine, Marauder  
  66  5:29  Widow Mine  
  68  5:55  Widow Mine x2, Marauder  
  69  6:03  Medivac  
  68  6:10  Marine  
  68  6:14  Barracks Reactor  
  68  6:15  SCV x2  
  68  6:16  SCV, Marine  
  68  6:27  SCV  
  68  6:29  Marine  
  64  6:34  Widow Mine, Marine  
  64  6:35  Widow Mine  
  63  6:42  Orbital Command  
  63  6:47  Missile Turret  
  63  6:49  Terran Infantry Armor Level 1, Supply Depot x2  
  63  6:51  Supply Depot x2  
  63  6:52  Armory  
  63  6:55  SCV x2, Engineering Bay  
  63  6:56  Widow Mine  
  67  7:07  SCV x2  
  67  7:08  Missile Turret  
  65  7:13  Supply Depot  
  65  7:14  Marauder  
  65  7:15  Marine x3, Supply Depot  
  66  7:17  Supply Depot  
  66  7:19  SCV  
  61  7:32  Marine  
  61  7:33  Widow Mine x2, Marine  
  61  7:36  Barracks Reactor, Marauder  
  67  7:39  SCV  
  68  7:47  Medivac  
  68  7:48  Combat Shield  
  68  7:50  Marine  
  67  7:51  SCV  
  67  7:54  Terran Infantry Weapons Level 1  
  67  7:55  Widow Mine x2, Terran Vehicle And Ship Armor Level 1  
  67  7:57  Marauder  
  68  8:03  SCV  
  67  8:11  Missile Turret  
  67  8:12  Missile Turret  
  67  8:14  Missile Turret  
  67  8:15  SCV, Missile Turret  
  67  8:17  Medivac  
  67  8:18  Marauder  
  70  8:28  SCV  
  70  8:46  SCV  
  70  8:47  SCV x2  
  71  8:55  Missile Turret  
  71  8:56  Missile Turret x2  
  71  8:59  SCV x3, Marauder, Marine, Missile Turret  
  71  9:00  Marine x3  
  71  9:01  Medivac  
  82  9:07  Missile Turret  
  82  9:11  SCV x3  
  85  9:17  Marine x4  
  85  9:20  Missile Turret  
  85  9:21  Marauder  
  85  9:23  SCV  
  92  9:28  SCV x2  
  92  9:31  Medivac  
  96  9:35  SCV, Marine x2  
  99  9:40  SCV x2  
  99  9:42  Marauder  
  99  9:44  Refinery x2  
  99  9:45  Barracks  
  103  9:48  SCV  
  103  9:49  Barracks  
  103  9:52  Widow Mine, SCV x2  
  110  9:53  Widow Mine  
  110  10:00  SCV  
  110  10:04  SCV  
  110  10:05  SCV  
  110  10:06  Factory  
  113  10:12  SCV  
  118  10:14  Widow Mine x2  
  118  10:25  Terran Vehicle And Ship Armor Level 2  
  118  10:26  Terran Infantry Armor Level 2  
  118  10:27  Terran Infantry Weapons Level 2  
  118  10:32  Concussive Shells  
  118  10:33  Marauder, Marine  
  118  10:34  Marine  
  122  10:51  Command Center  
  122  10:55  Marauder  
  124  10:57  Factory Tech Lab  
  123  11:06  Missile Turret  
  123  11:08  Missile Turret  
  123  11:14  Missile Turret  
  123  11:16  Missile Turret  
  123  11:18  Factory Tech Lab  
  122  11:24  Barracks Reactor  
  122  11:25  Barracks Tech Lab  
  117  11:35  Drilling Claws  
  116  11:41  Supply Depot  
  116  11:42  Supply Depot x2  
  116  11:43  Supply Depot x2  
  116  11:45  Supply Depot x3  
  116  11:48  Supply Depot  
  116  11:54  Missile Turret  
  116  11:57  Missile Turret  
  116  12:02  Marine x2  
  116  12:03  Marine x2, Thor  
  116  12:04  Marauder, Thor  
  134  12:20  Marine x2  
  134  12:21  Marine  
  137  12:24  Command Center  
  137  12:26  Marauder  
  137  12:27  Missile Turret x2  
  139  12:30  Missile Turret  
  139  12:46  Thor x2  
  151  12:54  Smart Servos, Marauder x2, Marine x6  
  161  13:09  Raven  
  161  13:12  Marine x6  
  164  13:15  Marauder  
  164  13:16  Marauder  
  173  13:29  Marine  
  173  13:30  Marine x2  
  176  13:36  Marauder  
  176  13:37  Marauder  
  180  13:42  Corvid Reactor  
  180  13:52  Raven  
  182  13:58  Marauder x2, Command Center  
  140  14:19  Marauder  
  140  14:20  Marauder  
  103  14:26  Marine x6  
  107  14:41  Marauder x2  
  107  14:44  Marine x6  
  117  14:54  Orbital Command  
  117  15:01  Marine  
  117  15:02  Marauder x2  
  122  15:12  Orbital Command  
  122  15:18  SCV x2  
  124  15:23  Marauder, Raven  
  124  15:24  Marauder  
  130  15:29  Thor  
  130  15:30  SCV x2  
  138  15:45  Marauder x2  
  106  15:58  Thor  
  106  16:01  Marine  
  106  16:02  Marine x5  
  104  16:06  Marauder  
  104  16:07  Marauder  
  108  16:11  Thor  
  114  16:19  Marine  
  114  16:20  Marine x2  
  115  16:41  Thor  
  115  16:44  Marine x3  
  115  16:45  Marine x5, Command Center  
  112  17:02  Marine x7  
  118  17:20  Marine  
  88  17:35  Marine  
  54  17:52  Barracks  
  54  17:53  Barracks x3  
Tags
 
Add a new tag
Caveats
  • Supply blocks, unpowered buildings, or Contaminate may cause inaccurate times.
  • Supply counts are checked every 10 seconds.